 Dungeon Crawl Stone Soup version 0.25-a0-166-g16436c4407 (webtiles) character file.

Game seed: 3104584683513981998, levelgen mode: deterministic

448643 Lanoc the Markstroll (level 23, -20/240 HPs)
             Began as a Troll Transmuter on Nov 23, 2019.
             Was the Champion of Okawaru.
             Demolished by a spriggan berserker
             ... wielding a +1 antimagic hand axe
              (42 damage)
             ... on level 1 of the Depths on Nov 24, 2019.
             The game lasted 02:10:03 (44070 turns).

Lanoc the Markstroll (Troll Transmuter)            Turns: 44070, Time: 02:10:04

Health: -20/240    AC: 14    Str: 32    XL:     23   Next: 15%
Magic:  0/14       EV: 24    Int: 14    God:    Okawaru [******]
Gold:   3775       SH:  8    Dex: 16    Spells: 21/24 levels left

rFire    + + +     SeeInvis +   y - +10 longbow "Xexeproz" {speed, rF+ rC+}
rCold    + . .     Gourm    +   (shield currently unavailable)
rNeg     . . .     Faith    .   T - +0 robe "Adeikuaboa" {MP-9 Str+3 Dex+3 Slay+3}
rPois    +         Spirit   .   C - +2 hat "Taf Agoe" {rF+ Str+3 Dex+3}
rElec    .         Reflect  +   g - +1 cloak {rPois}
rCorr    .         Harm     .   (gloves unavailable)
MR       ++...                  (boots unavailable)
Stlth    +.........             l - brooch of Shielding {Reflect SH+8}
HPRegen  1.30/turn              D - ring "Gyujeow" {AC+3 Str+2}
MPRegen  0.14/turn              V - ring of the Original Sin {rF++ Int+3 Dex-3 SInv}

@: hasted, studying Transmutations, very quick
A: large, unfitting armour, claws 3, repulsion field 1, blurry vision 1, clumsy
1, fast metabolism 3, gourmand, magic resistance 1, regeneration 2, shaggy fur
2, tough skin 3, subdued magic 1
}: 2/15 runes: decaying, serpentine
a: Heroism, Finesse, Renounce Religion


You were on level 1 of the Depths.
You worshipped Okawaru.
Okawaru was exalted by your worship.
You were very full.

You visited 10 branches of the dungeon, and saw 40 of its levels.
You visited the Abyss 1 time.
You also visited: Trove, Bailey, Ice Cave and Desolation.

You collected 5151 gold pieces.
You spent 1376 gold pieces at shops.

Inventory:

Hand Weapons
 y - the +10 longbow "Xexeproz" (weapon) {speed, rF+ rC+}
   (You found it on level 8 of the Dungeon)

   Attacks with this weapon are significantly faster.
   It protects you from fire.
   It protects you from cold.
Missiles
 a - 521 arrows (quivered)
 v - 6 throwing nets
Armour
 g - a +1 cloak of poison resistance (worn)
 C - the +2 hat "Taf Agoe" (worn) {rF+ Str+3 Dex+3}
   (Okawaru gifted it to you on level 1 of the Pits of Slime)

   It affects your strength (+3).
   It affects your dexterity (+3).
   It protects you from fire.
 M - a scarf of spirit shield
 T - the +0 robe "Adeikuaboa" (worn) {MP-9 Str+3 Dex+3 Slay+3}
   (Okawaru gifted it to you on level 3 of the Lair of Beasts)

   It affects your strength (+3).
   It affects your dexterity (+3).
   It affects your accuracy and damage with ranged weapons and melee attacks
   (+3).
   It affects your magic capacity (-9).
 Z - +0 ice dragon scales
Jewellery
 l - the brooch of Shielding (around neck) {Reflect SH+8}
   (You found it on level 5 of the Dungeon)

   [amulet of reflection]

   It shields you and reflects attacks.
   It affects your SH (+8).
 D - the ring "Gyujeow" (left claw) {AC+3 Str+2}
   (You found it on level 1 of the Lair of Beasts)

   [ring of protection]

   It affects your AC (+3).
   It affects your strength (+2).
 K - the ring "Kiah" {rN+ Dex+7}
   (You bought it in a shop on level 3 of the Snake Pit)

   [ring of positive energy]

   It affects your dexterity (+7).
   It protects you from negative energy.
 U - an uncursed ring of protection from cold
 V - the ring of the Original Sin (right claw) {rF++ Int+3 Dex-3 SInv}
   (You found it in an ice cave)

   [ring of see invisible]

   It affects your intelligence (+3).
   It affects your dexterity (-3).
   It greatly protects you from fire.
   It lets you see invisible.
 Y - an uncursed ring of resist corrosion
Wands
 c - a wand of digging (15)
 q - a wand of iceblast (6)
 I - a wand of polymorph (16)
 J - a wand of clouds (9)
 S - a wand of acid (20)
Scrolls
 b - 12 scrolls of identify
 e - 19 scrolls of remove curse
 f - 8 scrolls of enchant weapon
 h - 5 scrolls of fear
 i - 19 scrolls of teleportation
 j - 9 scrolls of immolation
 n - 5 scrolls of blinking
 o - 3 scrolls of magic mapping
 p - 9 scrolls of amnesia
 t - 2 scrolls of brand weapon
 x - 5 scrolls of fog
 H - 3 scrolls of holy word
 O - 6 scrolls of enchant armour
 P - 4 scrolls of summoning
Potions
 r - 5 potions of magic
 s - 4 potions of haste
 u - 4 potions of flight
 w - a potion of resistance
 z - 7 potions of agility
 A - 4 potions of heal wounds
 B - a potion of invisibility
 F - 6 potions of lignification
 G - 6 potions of might
 L - 4 potions of berserk rage
 N - 8 potions of brilliance
 Q - a potion of cancellation
 X - 14 potions of curing
Books
 m - a manual of Transmutations
Miscellaneous
 k - a box of beasts
 R - 3 sacks of spiders
Comestibles
 d - 50 rations


   Skills:
 + Level 16.5 Fighting
 * Level 19.5 Bows
 + Level 16.5 Dodging
 - Level 9.5 Unarmed Combat
 - Level 1.2 Spellcasting
 - Level 5.0 Transmutations


You had 21 spell levels left.
You knew the following spells:

 Your Spells              Type           Power        Failure   Level  Hunger
a - Beastly Appendage     Tmut           ##....       2%          1    ##.....
b - Sticks to Snakes      Tmut           ##......     3%          2    ###....

Your spell library contained the following spells:

 Spells                   Type           Power        Failure   Level  Hunger
 Passwall                 Tmut/Erth      #.......     12%         2    ###....
 Apportation              Tloc           #.....       22%         1    ##.....
 Corona                   Hex            #......      22%         1    ##.....
 Freeze                   Ice            #...         22%         1    ##.....
 Infusion                 Chrm           #...         22%         1    ##.....
 Magic Dart               Conj           #...         22%         1    ##.....
 Shock                    Conj/Air       #...         22%         1    ##.....
 Sting                    Conj/Pois      #...         22%         1    ##.....
 Summon Butterflies       Summ           #.......     22%         1    ##.....
 Spider Form              Tmut/Pois      #.........   22%         3    ####...
 Call Imp                 Summ           #.......     32%         2    ###....
 Corpse Rot               Necr           N/A          32%         2    ###....
 Ensorcelled Hibernation  Hex/Ice        #.....       32%         2    ###....
 Poisonous Vapours        Pois/Air       #.....       32%         2    ###....
 Searing Ray              Conj           #.....       32%         2    ###....
 Shroud of Golubria       Chrm/Tloc      #.....       32%         2    ###....
 Song of Slaying          Chrm           #.......     32%         2    ###....
 Swiftness                Chrm/Air       #.......     32%         2    ###....
 Throw Frost              Conj/Ice       #.....       32%         2    ###....
 Ignite Poison            Fire/Tmut/Pois #.......     32%         3    ####...
 Call Canine Familiar     Summ           #.......     56%         3    ####...
 Confuse                  Hex            #.......     56%         3    ####...
 Conjure Flame            Conj/Fire      #.......     56%         3    ####...
 Dazzling Spray           Conj/Hex       #.....       56%         3    ####...
 Gell's Gravitas          Tloc           #.........   56%         3    ####...
 Lesser Beckoning         Tloc           #.........   56%         3    ####...
 Mephitic Cloud           Conj/Pois/Air  #.......     56%         3    ####...
 Ozocubu's Armour         Chrm/Ice       #.......     56%         3    ####...
 Portal Projectile        Hex/Tloc       #.....       56%         3    ####...
 Recall                   Summ/Tloc      N/A          56%         3    ####...
 Regeneration             Chrm/Necr      #.........   56%         3    ####...
 Spectral Weapon          Hex/Chrm       #.......     56%         3    ####...
 Static Discharge         Conj/Air       #.......     56%         3    ####...
 Stone Arrow              Conj/Erth      #.....       56%         3    ####...
 Summon Guardian Golem    Hex/Summ       #.......     56%         3    ####...
 Tukima's Dance           Hex            #.......     56%         3    ####...
 Ice Form                 Ice/Tmut       #.......     61%         4    #####..
 Petrify                  Tmut/Erth      #.......     61%         4    #####..
 Blade Hands              Tmut           ##........   61%         5    ######.
 Alistair's Intoxication  Tmut/Pois      #.......     92%         5    ######.
 Airstrike                Air            #.........   93%         4    #####..
 Force Lance              Conj/Tloc      #.......     93%         4    #####..
 Fulminant Prism          Conj/Hex       #.........   93%         4    #####..
 Iskenderun's Mystic Bla  Conj           #.......     93%         4    #####..
 Leda's Liquefaction      Hex/Erth       #.........   93%         4    #####..
 Olgreb's Toxic Radiance  Pois           #.......     93%         4    #####..
 Summon Ice Beast         Ice/Summ       #.......     93%         4    #####..
 Throw Icicle             Conj/Ice       #.......     93%         4    #####..
 Hydra Form               Tmut           ##........   99%         6    #######
 Iskenderun's Battlesphe  Conj/Chrm      #.......     100%        5    ######.
 Lightning Bolt           Conj/Air       #.........   100%        5    ######.
 Summon Demon             Summ           #.........   100%        5    ######.
 Summon Forest            Summ/Tloc      #.........   100%        5    ######.
 Summon Mana Viper        Hex/Summ       #.......     100%        5    ######.
 Venom Bolt               Conj/Pois      #.........   100%        5    ######.
 Bolt of Cold             Conj/Ice       #.........   100%        6    #######
 Conjure Ball Lightning   Conj/Air       #.........   100%        6    #######
 Dispersal                Tloc           #.........   100%        6    #######
 Freezing Cloud           Conj/Ice/Air   #.........   100%        6    #######
 Invisibility             Hex            #.......     100%        6    #######
 Shadow Creatures         Summ           N/A          100%        6    #######
 Simulacrum               Ice/Necr       #.........   100%        6    #######
 Spellforged Servitor     Conj/Summ      #.........   100%        7    #######
 Summon Hydra             Summ           #.........   100%        7    #######
 Controlled Blink         Tloc           N/A          100%        8    #######
 Disjunction              Tloc           #.........   100%        8    #######


Dungeon Overview and Level Annotations

Branches:
Dungeon (15/15)            Temple (1/1) D:6            Lair (6/6) D:9
  Swamp (4/4) Lair:4        Snake (4/4) Lair:4        Slime (2/5) Lair:5
    Orc (2/2) D:11            Elf (1/3) Orc:2        Vaults (4/5) D:13
  Crypt (0/3) Vaults:2     Depths (2/5) D:15         Bailey (visited)
  IceCv (visited)         Desolation (visited)

Altars:
Ashenzari
Cheibriados
Dithmenos
Elyvilon
Fedhas
Gozag
Hepliaklqana
Kikubaaqudgha
Nemelex Xobeh
Okawaru
Qazlal
Ru
Sif Muna
Trog
Uskayaw
Vehumet
Wu Jian
Xom
Yredelemnul
Zin
The Shining One
Beogh

Shops:
D:12 ?   D:13 %   D:15 *   Orc:2 =*[(   Elf:1 [   Snake:2 =}=   Snake:3 *}[
Vaults:2 !   Vaults:3 (   Depths:1 =[[!

Portals:
Hell: Depths:1
Pandemonium: Depths:1
Ziggurat: Depths:1


Innate Abilities, Weirdness & Mutations

You are too large for most types of armour.
You have claws for hands.
Your metabolism is lightning-fast.
You like to eat raw meat.
You heal very quickly.
You are covered in thick fur. (AC +2)
You have extremely tough skin. (AC +3)
You are surrounded by a mild repulsion field. (EV +2)
Scrolls take you a little longer to read.
You are clumsy. (Dex -2)
You are resistant to hostile enchantments. (MR+)
Your spells are a little easier to cast, but a little less powerful.


Message History

There is a stone staircase leading up, spattered with blood here.
The spriggan berserker hits your ogre mage with a +0 hand axe!
The spriggan berserker hits your two-headed ogre with a +0 hand axe!
The spriggan berserker hits your two-headed ogre with a +0 hand axe.
Your two-headed ogre hits the spriggan berserker with a +0 giant spiked club!
Your two-headed ogre barely misses the spriggan berserker.
The spriggan berserker hits you with a +1 antimagic hand axe!!!
* * * LOW HITPOINT WARNING * * *
You feel your power leaking away.
The spriggan berserker hits your ettin with a +1 antimagic hand axe!
The spriggan berserker hits you with a +0 war axe!
* * * LOW HITPOINT WARNING * * *
The spriggan berserker hits your ettin with a +0 war axe!
Your two-headed ogre barely misses the spriggan berserker.
Your two-headed ogre closely misses the spriggan berserker.
Your ogre mage hits the spriggan berserker with a +0 halberd!
You climb upwards.
There is a stone staircase leading down here.
The spriggan berserker hits you with a +1 antimagic hand axe!!!
You die...

#.#.....###≈≈≈≈≈≈≈##
#.#.....##≈≈≈≈≈≈≈≈≈#
#.#.....#≈≈≈≈≈≈≈≈≈..
#.#....[##≈≈≈≈≈≈≈≈.#
#.####≈≈[##≈≈≈≈≈≈≈.#
#.###≈≈≈≈[##≈≈≈....#
##########.##≈≈≈≈≈≈.##≈≈.####
#........[.#≈≈≈≈≈≈≈≈.##≈.####
##...^....ii@...............[
#.#.......##≈≈≈≈≈≈###....#≈≈
#.###.....###...≈#..'....#≈≈
#.##.^....# #...##.#.....##≈
#.##......###...##.#.#######
#.##..................# #
#..........#.....#.##.#
###..............##.#.#
#.#+##.........#.##.#


You could see 2 spriggan berserkers.

Vanquished Creatures
  Vashnia (Snake:2)
  Nikola (Snake:3)
  A lich (Depths:1)
  Jorgrun (Swamp:2)
  Frances (Elf:1)
  4 acid blobs (Slime:1)
  A tentacled starspawn (Abyss:2)
  4 thorn hunters
  A sphinx (Vaults:2)
  A tengu reaver (Depths:1)
  8 nagarajas
  Donald (Snake:3)
  An azure jelly (Slime:1)
  3 fire giants
  5 frost giants
  An imperial myrmidon (Desolation)
  Aizul (Snake:2)
  A balrug (Depths:2)
  8 ironheart preservers
  2 orc warlords
  6 vault wardens
  An entropy weaver (Vaults:4)
  9 very ugly things
  3 deep elf demonologists
  8 stone giants
  Azrael (D:15)
  A dire elephant (Lair:6)
  3 halazid warlocks (Desolation)
  3 deep elf annihilators
  A spark wasp (shapeshifter) (Vaults:1)
  2 crystal guardians (Desolation)
  5 ettins
  2 deep elf high priests (Depths:2)
  7 yaktaur captains
  4 ragged hierophants (Desolation)
  Josephine (D:11)
  6 fire dragons
  A great orb of eyes (Slime:1)
  4 servants of whispers (Desolation)
  19 hydras
  18 naga warriors
  8 rakshasas
  6 peacekeepers (Desolation)
  2 spriggan air magi (Depths:2)
  Harold (D:7)
  9 anacondas
  7 vault guards
  Erica (D:8)
  8 centaur warriors
  7 ice dragons
  5 shambling mangroves
  30 two-headed ogres
  A merfolk avatar (Lair:6)
  3 tengu warriors
  2 death knights
  12 alligators
  8 ogre magi
  A hell hog (Abyss:2)
  3 deep troll shamans (Depths:1)
  2 spriggan berserkers
  6 deep troll earth magi (Depths:1)
  A vampire mage (Abyss:2)
  3 dancing weapons (Elf:1)
  3 shock serpents
  5 thrashing horrors (Abyss:2)
  9 naga sharpshooters
  A shock serpent (shapeshifter) (Vaults:3)
  4 orc high priests (Orc:2)
  3 sun demons (Depths:2)
  2 fire crabs (shapeshifter)
  7 spriggans
  17 deep elf knights
  5 hell knights (Depths:2)
  17 deep trolls
  11 skeletal warriors
  A salamander mystic (Snake:4)
  2 shadow wraiths
  3 large abominations (Abyss:2)
  2 flayed ghosts (Vaults:3)
  13 ironbrand convokers
  A spriggan druid (Swamp:4)
  3 glowing orange brains
  An anaconda skeleton (Abyss:2)
  An unseen horror (D:13)
  11 swamp dragons
  16 deep elf archers
  10 wizards
  14 orc knights
  3 lindwurms (Swamp:4)
  11 naga ritualists
  4 harpies
  43 deep elf magi
  3 wolf spiders
  4 necromancers
  4 mana vipers
  4 orc sorcerers (Orc:2)
  A shining eye (Slime:1)
  6 cyclopes
  28 ugly things
  5 centaur zombies
  10 salamanders
  2 frost giant skeletons (Abyss:2)
  11 elephants
  6 manticores
  14 vault sentinels
  5 rust devils (Depths:2)
  25 naga magi
  A human skeleton (Vaults:3)
  4 guardian serpents
  41 black mambas
  Psyche (D:8)
  2 ice statues (IceCv)
  A gargoyle (D:11)
  A hellion (Abyss:2)
  A smoke demon (Abyss:2)
  An eye of devastation (Slime:1)
  14 spiny frogs
  5 rime drakes
  5 komodo dragons
  3 kobold demonologists
  An ice devil (Abyss:2)
  An efreet (Abyss:2)
  A komodo dragon (shapeshifter) (D:13)
  48 yaktaurs
  3 tengu conjurers
  2 guardian mummies (D:10)
  6 freezing wraiths
  4 red devils
  6 trolls
  7 polar bears
  24 hornets
  8 tyrant leeches
  45 slime creatures
  2 raiju (Abyss:2)
  11 bog bodies
  52 saltlings (Desolation)
  Prince Ribbit (D:8)
  4 dream sheep (Lair:6)
  16 hippogriffs
  8 blink frogs (Lair:5)
  A raiju (shapeshifter) (D:13)
  A vampire (D:10)
  2 redbacks (Vaults:4)
  2 human simulacra (Vaults:3)
  2 ynoxinuls (Abyss:2)
  3 shadows
  Sigmund (D:4)
  13 wyverns
  11 wraiths
  14 water elementals
  14 basilisks
  3 fire elementals (D:15)
  A wyvern (shapeshifter) (Vaults:3)
  18 yaks
  A fire bat (Abyss:2)
  A human (D:13)
  2 hungry ghosts
  A neqoxec (Abyss:2)
  Eustachio (D:4)
  19 vampire mosquitoes
  A steam dragon (D:10)
  15 insubstantial wisps
  3 wargs
  42 nagas
  20 swamp worms
  7 acid dragons
  14 water moccasins
  11 hell hounds
  45 orc warriors
  4 porcupines
  A sky beast (shapeshifter) (Vaults:4)
  14 swamp drakes
  An eye of draining (shapeshifter) (Vaults:3)
  5 sky beasts
  2 necrophages
  18 ice beasts
  A black bear (shapeshifter) (Vaults:2)
  3 phantoms
  3 small abominations (Abyss:2)
  3 eyes of draining
  30 ogres
  7 wolves
  9 centaurs
  15 crocodiles
  2 big kobolds
  16 bullfrogs
  2 wyvern zombies
  3 scorpions
  A water moccasin skeleton (D:6)
  A hornet simulacrum (D:15)
  12 killer bees
  18 wights
  3 howler monkeys
  An electric eel (Lair:6)
  6 crimson imps
  9 hounds
  A bullfrog zombie (D:9)
  2 quasits (Abyss:2)
  3 centaur skeletons
  7 jellies
  26 orc priests
  29 orc wizards
  2 bullfrog skeletons
  4 iguanas
  Natasha (twice) (D:2)
  9 worker ants
  A hound zombie (D:8)
  3 hound skeletons
  4 worker ant zombies
  4 gnolls (Bailey)
  4 adders
  A shadow imp (D:11)
  3 ufetubi (Abyss:2)
  An adder skeleton (D:7)
  A worm (D:2)
  5 leopard geckos
  100 orcs
  3 ball pythons
  4 giant cockroaches
  4 goblins
  7 hobgoblins
  15 jackals
  24 kobolds
  2 quokkas
  4 bats
  A frilled lizard (D:4)
  A leopard gecko skeleton (D:7)
  A leopard gecko zombie (D:6)
  A quokka zombie (D:6)
  6 rats
  A fungus (D:9)
  2 plants
  A starspawn tentacle (Abyss:2)
1707 creatures vanquished.

Vanquished Creatures (collateral kills)
  Asterion (Snake:3)
  2 ragged hierophants (Desolation)
  A guardian serpent (Desolation)
  A naga mage (Snake:3)
  A saltling (Desolation)
  A naga (Snake:3)
7 creatures vanquished.

Vanquished Creatures (others)
  A stone giant (Vaults:2)
  A merfolk impaler (Depths:1)
  A peacekeeper (Desolation)
  A yaktaur captain (Vaults:1)
  A ragged hierophant (Desolation)
  A centaur warrior (Vaults:1)
  A naga sharpshooter (Snake:2)
  2 deep elf archers (Elf:1)
  4 orc knights
  5 yaktaurs
  A polar bear (Lair:4)
  A raiju (Abyss:2)
  An ogre (Vaults:1)
  A centaur (D:13)
  An orc wizard (Orc:2)
  A white imp (Abyss:2)
  2 orcs
  4 kobolds (Bailey)
  A briar patch (Swamp:4)
  A bush (Lair:5)
  2 fungi (Lair:5)
  A plant (Lair:6)
  3 starspawn tentacles (Abyss:2)
38 creatures vanquished.

Grand Total: 1752 creatures vanquished

Notes
Turn   | Place    | Note
-------+----------+-------------------------------------------
     0 | D:1      | Lanoc the Troll Transmuter began the quest for the Orb.
     0 | D:1      | Reached XP level 1. HP: 18/18 MP: 1/1
   108 | D:1      | Reached skill level 1 in Fighting
   109 | D:1      | Reached XP level 2. HP: 21/27 MP: 2/2
   425 | D:2      | Reached XP level 3. HP: 33/33 MP: 3/3
   599 | D:2      | Noticed Natasha
   606 | D:2      | Killed Natasha
   606 | D:2      | Reached XP level 4. HP: 35/41 MP: 4/4
   635 | D:2      | Found a sacrificial altar of Ru.
   638 | D:2      | Became a worshipper of Ru the Awakened
   687 | D:2      | Learned a level 2 spell: Sticks to Snakes
   893 | D:2      | Noticed Natasha
   899 | D:2      | Killed Natasha
   930 | D:2      | You fall into a shaft and drop 2 floors!
   986 | D:4      | Reached XP level 5. HP: 19/49 MP: 5/5
  1039 | D:4      | Noticed Sigmund
  1041 | D:4      | Gained mutation: You possess an exceptional clarity of
                  | mind. [potion of mutation]
  1041 | D:4      | Gained mutation: You are partially covered in icy blue
                  | scales. (AC +2) [potion of mutation]
  1041 | D:4      | Gained mutation: You are partially covered in large bone
                  | plates. (SH +4) [potion of mutation]
  1041 | D:4      | Gained mutation: You are covered in thick fur. (AC +2)
                  | [potion of mutation]
  1055 | D:4      | Killed Sigmund
  1055 | D:4      | Reached XP level 6. HP: 36/57 MP: 6/6
  1131 | D:4      | Found a white marble altar of Elyvilon.
  1157 | D:4      | Reached skill level 5 in Unarmed Combat
  1174 | D:4      | Noticed Eustachio
  1176 | D:4      | Found an ornate altar of the Wu Jian Council.
  1183 | D:4      | Killed Eustachio
  1367 | D:4      | Found a stormy altar of Qazlal.
  1402 | D:4      | Found a bloodstained altar of Trog.
  1488 | D:4      | Found a basalt altar of Yredelemnul.
  1648 | D:5      | Entered Level 5 of the Dungeon
  1668 | D:5      | Reached XP level 7. HP: 66/66 MP: 7/7
  1715 | D:5      | Found the brooch of Shielding {Reflect SH+8}
  2169 | D:6      | Found a shadowy altar of Dithmenos.
  2178 | D:6      | Reached XP level 8. HP: 75/75 MP: 8/8
  2395 | D:6      | Found a staircase to the Ecumenical Temple.
  2406 | Temple   | Entered the Ecumenical Temple
  2524 | D:6      | Found an ancient bone altar of Kikubaaqudgha.
  2994 | D:7      | Noticed Harold
  3021 | D:7      | Killed Harold
  3021 | D:7      | Reached XP level 9. HP: 39/85 MP: 4/9
  3243 | D:7      | Found a blossoming altar of Fedhas.
  3701 | D:8      | Reached skill level 5 in Dodging
  3793 | D:8      | Noticed a two-headed ogre
  3803 | D:8      | Killed a two-headed ogre
  3803 | D:8      | Reached skill level 5 in Fighting
  3861 | D:8      | Reached skill level 5 in Transmutations
  3920 | D:8      | Got a smoking longbow
  3921 | D:8      | Identified the +10 longbow "Xexeproz" {speed, rF+ rC+} (You
                  | found it on level 8 of the Dungeon)
  3945 | D:8      | Noticed a two-headed ogre
  3951 | D:8      | Killed a two-headed ogre
  3951 | D:8      | Reached skill level 1 in Bows
  3951 | D:8      | Reached XP level 10. HP: 91/97 MP: 10/10
  4019 | D:8      | Noticed Psyche
  4032 | D:8      | Killed Psyche
  4032 | D:8      | Reached skill level 2 in Bows
  4184 | D:8      | Noticed Prince Ribbit
  4193 | D:8      | Killed Prince Ribbit
  4381 | D:8      | Noticed Erica
  4388 | D:8      | Killed Erica
  4388 | D:8      | Reached skill level 3 in Bows
  4875 | D:9      | Found a flagged portal.
  4882 | Bailey   | Entered a bailey
  4887 | Bailey   | Noticed an orc warlord
  4888 | Bailey   | Found the +3 robe of Folly {Archmagi, MR-- Int+5}
  5038 | Bailey   | Found a runed translucent gate.
  5057 | Bailey   | Found a runed translucent gate.
  5059 | Bailey   | Found a runed translucent gate.
  5157 | Bailey   | Killed an orc warlord
  5157 | Bailey   | Reached skill level 4 in Bows
  5186 | Bailey   | Got a transparent brass ring
  5248 | D:9      | Identified the ring of Siotenkyt {Str+2 Int+2 Stlth+} (You
                  | found it in a bailey)
  5267 | D:9      | Found a staircase to the Lair.
  5310 | D:9      | Reached XP level 11. HP: 107/107 MP: 11/11
  5483 | Temple   | Fell from the grace of Ru
  5483 | Temple   | Became a worshipper of Warmaster Okawaru
  5745 | D:9      | Noticed a two-headed ogre
  5751 | D:9      | Killed a two-headed ogre
  6175 | D:9      | Reached * piety under Okawaru
  6256 | D:10     | Entered Level 10 of the Dungeon
  6266 | D:10     | Noticed a two-headed ogre
  6274 | D:10     | Killed a two-headed ogre
  6274 | D:10     | Reached skill level 5 in Bows
  6920 | D:10     | Reached ** piety under Okawaru
  7332 | D:10     | Found a portal to a secret trove of treasure.
  7334 | D:10     | Reached skill level 6 in Bows
  7487 | D:10     | Reached *** piety under Okawaru
  7759 | D:11     | Found a staircase to the Orcish Mines.
  7859 | D:11     | Got a twisted buckler
  7961 | D:11     | Noticed a skeletal warrior
  7961 | D:11     | Noticed a skeletal warrior
  7961 | D:11     | Noticed a skeletal warrior
  7990 | D:10     | Killed a skeletal warrior
  8083 | D:11     | Noticed Josephine
  8088 | D:11     | Killed Josephine
  8110 | D:11     | Reached XP level 12. HP: 103/118 MP: 12/12
  8121 | D:11     | Reached **** piety under Okawaru
  8292 | D:11     | Noticed a two-headed ogre
  8298 | D:11     | Killed a two-headed ogre
  8298 | D:11     | Reached skill level 7 in Bows
  8575 | D:11     | Found the +3 warlock's mirror {reflect}
  8580 | D:11     | Reached ***** piety under Okawaru
  9040 | D:12     | Reached skill level 8 in Bows
  9042 | D:12     | Received a gift from Okawaru
  9183 | D:12     | Reached skill level 9 in Bows
  9183 | D:12     | Reached XP level 13. HP: 129/129 MP: 0/13
  9184 | D:12     | Reached skill level 10 in Bows
  9184 | D:12     | Reached XP level 14. HP: 136/136 MP: 0/14
  9452 | D:12     | Found Jessodiz's Magic Scroll Emporium.
  9458 | D:12     | Bought a scroll of blinking for 75 gold pieces
  9458 | D:12     | Bought a scroll of identify for 20 gold pieces
  9458 | D:12     | Bought a scroll of identify for 20 gold pieces
  9458 | D:12     | Bought a scroll of identify for 20 gold pieces
  9461 | D:12     | Identified a scroll of acquirement
 10098 | D:13     | Received a gift from Okawaru
 10098 | D:13     | Reached skill level 11 in Bows
 10115 | D:13     | Received a gift from Okawaru
 10170 | D:13     | Got an ichor-stained longbow {god gift}
 10188 | D:13     | Found Zaach's Food Shop.
 10685 | D:13     | Reached XP level 15. HP: 141/145 MP: 13/15
 10962 | D:13     | Found a gate to the Vaults.
 12561 | D:15     | Entered Level 15 of the Dungeon
 12639 | D:15     | Found Tyupuxoc's Assorted Antiques.
 12648 | D:15     | Bought a scroll labeled ZAUV CECYW DUOR for 34 gold pieces
 12648 | D:15     | Bought a grey potion for 30 gold pieces
 12748 | D:15     | Reached skill level 10 in Dodging
 12834 | D:15     | Received a gift from Okawaru
 12888 | D:15     | Identified the +4 longbow of Geiwnir {speed, +Fly rF+ Str+3
                  | Dex+2} (Okawaru gifted it to you on level 13 of the
                  | Dungeon)
 12989 | D:15     | Noticed Azrael
 13047 | D:15     | Killed Azrael
 13047 | D:15     | Reached skill level 10 in Fighting
 13108 | D:15     | Reached ****** piety under Okawaru
 13200 | D:15     | Reached skill level 12 in Bows
 13239 | D:15     | Received a gift from Okawaru
 13251 | D:15     | Found a staircase to the Depths.
 13795 | Orc:1    | Entered Level 1 of the Orcish Mines
 13967 | Orc:1    | Found a roughly hewn altar of Beogh.
 14384 | Orc:2    | Entered Level 2 of the Orcish Mines
 14878 | Orc:2    | Found a staircase to the Elven Halls.
 14993 | Orc:2    | Received a gift from Okawaru
 15009 | Orc:2    | Noticed an orc warlord
 15190 | Orc:2    | Killed an orc warlord
 15299 | Orc:2    | Paralysed by an orc sorcerer for 3 turns
 15755 | Orc:2    | Found Badwilal's General Store.
 15756 | Orc:2    | Found Momidi's Jewellery Shoppe.
 15757 | Orc:2    | Found Onaseef's Antique Armour Shoppe.
 15757 | Orc:2    | Found Baroe's Antique Weapon Emporium.
 15943 | Lair:1   | Entered Level 1 of the Lair of Beasts
 16043 | Lair:1   | Got a transparent jade ring
 16053 | Lair:1   | Identified the ring "Gyujeow" {AC+3 Str+2} (You found it on
                  | level 1 of the Lair of Beasts)
 16977 | Lair:2   | Reached skill level 13 in Bows
 16977 | Lair:2   | Reached XP level 16. HP: 160/160 MP: 16/16
 17638 | Lair:3   | Reached XP level 17. HP: 166/166 MP: 17/17
 17645 | Lair:3   | Received a gift from Okawaru
 17653 | Lair:3   | Got a distressingly furry robe {god gift}
 17664 | Lair:3   | Identified the +0 robe "Adeikuaboa" {MP-9 Str+3 Dex+3
                  | Slay+3} (Okawaru gifted it to you on level 3 of the Lair of
                  | Beasts)
 18221 | Lair:4   | Found a frozen archway.
 18260 | IceCv    | Entered an ice cave
 18580 | IceCv    | Got a glittering golden ring
 18685 | Lair:4   | Identified the ring of the Original Sin {rF++ Int+3 Dex-3
                  | SInv} (You found it in an ice cave)
 18792 | Lair:4   | Found a staircase to the Snake Pit.
 18854 | Lair:4   | Found a staircase to the Swamp.
 20162 | Lair:5   | Found a staircase to the Slime Pits.
 20374 | Lair:6   | Entered Level 6 of the Lair of Beasts
 20944 | Lair:6   | Reached skill level 14 in Bows
 21500 | Slime:1  | Entered Level 1 of the Pits of Slime
 21516 | Slime:1  | Received a gift from Okawaru
 21525 | Slime:1  | Got a bloodstained hat {god gift}
 21531 | Slime:1  | Identified the +2 hat "Taf Agoe" {rF+ Str+3 Dex+3} (Okawaru
                  | gifted it to you on level 1 of the Pits of Slime)
 21631 | Slime:1  | Noticed an acid blob
 21636 | Slime:1  | Killed an acid blob
 21776 | Slime:2  | Noticed an acid blob
 21805 | Slime:1  | Noticed an acid blob
 21808 | Slime:1  | Killed an acid blob
 21917 | Slime:1  | Noticed an acid blob
 21922 | Slime:1  | Killed an acid blob
 21999 | Slime:1  | Noticed an acid blob
 22015 | Slime:1  | Killed an acid blob
 22273 | Slime:2  | Gained mutation: Your spells are a little easier to cast,
                  | but a little less powerful. [a shining eye]
 22274 | Slime:2  | Gained mutation: Scrolls take you a little longer to read.
                  | [a shining eye]
 22277 | Slime:1  | Gained mutation: You are occasionally teleported next to
                  | monsters. [a shining eye]
 22362 | Lair:5   | Lost mutation: You possess an exceptional clarity of mind.
                  | [potion of mutation]
 22362 | Lair:5   | Lost mutation: Scrolls take you a little longer to read.
                  | [potion of mutation]
 22362 | Lair:5   | Gained mutation: You heal very quickly. [potion of
                  | mutation]
 22363 | Lair:5   | Lost mutation: You are covered in thick fur. (AC +2)
                  | [potion of mutation]
 22363 | Lair:5   | Lost mutation: You are occasionally teleported next to
                  | monsters. [potion of mutation]
 22363 | Lair:5   | Gained mutation: You are resistant to hostile enchantments.
                  | (MR+) [potion of mutation]
 22363 | Lair:5   | Gained mutation: Your body sometimes deteriorates upon
                  | taking damage. [potion of mutation]
 22363 | Lair:5   | Gained mutation: Scrolls take you a little longer to read.
                  | [potion of mutation]
 22363 | Lair:5   | Lost mutation: Your spells are a little easier to cast, but
                  | a little less powerful. [potion of mutation]
 22627 | Elf:1    | Entered Level 1 of the Elven Halls
 22761 | Elf:1    | Noticed Frances
 22783 | Elf:1    | Killed Frances
 22883 | Elf:1    | Reached XP level 18. HP: 94/181 MP: 3/18
 23127 | Elf:1    | Received a gift from Okawaru
 23336 | Elf:1    | Identified the Catalogue of Circular Logic
 23717 | Elf:1    | Found Sueda's Armour Shop.
 24382 | Snake:1  | Entered Level 1 of the Snake Pit
 24604 | Snake:1  | Found a white marble altar of Elyvilon.
 25030 | Snake:1  | Reached skill level 15 in Bows
 25326 | Snake:2  | Noticed Vashnia
 25725 | Snake:2  | Killed Vashnia
 25897 | Snake:2  | Received a gift from Okawaru
 25997 | Snake:2  | Noticed Aizul
 26012 | Snake:2  | Killed Aizul
 26460 | Snake:2  | Received a gift from Okawaru
 26640 | Snake:2  | Found Wesmeo's Jewellery Shoppe.
 26640 | Snake:2  | Found Qine Fue's Gadget Boutique.
 26641 | Snake:2  | Found Asiothyo's Jewellery Shoppe.
 27075 | Snake:3  | Noticed Nikola
 27088 | Snake:3  | Killed Nikola
 27282 | Snake:3  | Found Lesicu's Armour Emporium.
 27284 | Snake:3  | Found Jujigg's Gadget Shoppe.
 27286 | Snake:3  | Found Gef Dame's Assorted Antiques.
 27294 | Snake:3  | Bought a scroll of teleportation for 93 gold pieces
 27294 | Snake:3  | Bought a scroll of identify for 62 gold pieces
 27294 | Snake:3  | Bought a flickering granite ring for 155 gold pieces
 27296 | Snake:3  | Identified the ring "Kiah" {rN+ Dex+7} (You bought it in a
                  | shop on level 3 of the Snake Pit)
 27311 | Snake:3  | Noticed Asterion
 27351 | Snake:3  | Killed Asterion
 27789 | Snake:3  | Noticed Donald
 27801 | Snake:3  | Killed Donald
 27801 | Snake:3  | Reached XP level 19. HP: 193/193 MP: 10/19
 27955 | Snake:4  | Entered Level 4 of the Snake Pit
 28453 | Snake:4  | Received a gift from Okawaru
 28481 | Snake:4  | Reached skill level 16 in Bows
 28519 | Snake:4  | Received a gift from Okawaru
 28553 | Snake:4  | Received a gift from Okawaru
 28563 | Snake:4  | Identified the +2 troll leather armour of Okawaru's Favour
                  | {MR+ Regen+} (Okawaru gifted it to you on level 4 of the
                  | Snake Pit)
 28722 | Snake:4  | Got a serpentine rune of Zot
 29670 | Swamp:1  | Entered Level 1 of the Swamp
 30478 | Swamp:2  | Noticed Jorgrun
 30489 | Swamp:2  | Killed Jorgrun
 30842 | Swamp:2  | Received a gift from Okawaru
 31221 | Swamp:3  | Received a gift from Okawaru
 31228 | Swamp:3  | Identified the +0 hat of Midwinter {rF+ Dex+3} (Okawaru
                  | gifted it to you on level 3 of the Swamp)
 31648 | Swamp:3  | Reached XP level 20. HP: 205/205 MP: 11/20
 32085 | Swamp:4  | Entered Level 4 of the Swamp
 32403 | Swamp:4  | Received a gift from Okawaru
 32415 | Swamp:4  | Identified the +4 shortbow "Plog" {flame, MR+ Int+2 Stlth+}
                  | (Okawaru gifted it to you on level 4 of the Swamp)
 32434 | Swamp:4  | Reached skill level 17 in Bows
 32475 | Swamp:4  | Got a decaying rune of Zot
 33267 | Vaults:1 | Entered Level 1 of the Vaults
 33578 | Vaults:1 | Found a ruined gateway.
 33604 | Vaults:1 | Received a gift from Okawaru
 33655 | Desolati | Entered the Desolation of Salt
 33784 | Desolati | Identified the Incunabulum of Creative Stones
 34162 | Desolati | Identified the Incunabulum of Frigorific Summoning
 34166 | Desolati | Got a heavily runed steel amulet
 34170 | Desolati | Identified the amulet "Ziaff" {Gourm +Blink Str+4 Int-4
                  | Stlth+} (You found it in the Desolation of Salt)
 34475 | Desolati | Received a gift from Okawaru
 34530 | Desolati | Found the +0 sword of Power
 34563 | Desolati | Identified the Catalogue of Cankerous Air
 35269 | Vaults:1 | Received a gift from Okawaru
 35288 | Vaults:1 | Reached XP level 21. HP: 192/217 MP: 12/21
 35760 | Vaults:1 | Received a gift from Okawaru
 35761 | Vaults:1 | Found the +8 longbow "Zephyr" {speed, Dex+3 SInv}
 36044 | Vaults:1 | Reached skill level 15 in Dodging
 36133 | Vaults:2 | Reached skill level 15 in Fighting
 36414 | Vaults:2 | Found a staircase to the Crypt.
 36414 | Vaults:2 | Found an ancient bone altar of Kikubaaqudgha.
 36415 | Vaults:2 | Found a basalt altar of Yredelemnul.
 36439 | Vaults:2 | Reached skill level 18 in Bows
 36544 | Vaults:2 | Received a gift from Okawaru
 36559 | Vaults:2 | Cast into level 2 of the Abyss (a wizard)
 36560 | Abyss:2  | Found a corrupted altar of Lugonu.
 36605 | Abyss:2  | Found a shattered altar of Ashenzari.
 37095 | Abyss:2  | Found a stormy altar of Qazlal.
 37210 | Abyss:2  | Found a shimmering blue altar of Sif Muna.
 37216 | Abyss:2  | Gained mutation: You are frail. (-10% HP) [a neqoxec]
 37277 | Vaults:2 | Escaped the Abyss
 37442 | Vaults:2 | Found Piufubu's Distillery.
 37494 | Vaults:2 | Bought a potion of heal wounds for 95 gold pieces
 37494 | Vaults:2 | Bought a potion of heal wounds for 95 gold pieces
 37494 | Vaults:2 | Bought a potion of mutation for 152 gold pieces
 37494 | Vaults:2 | Lost mutation: You are resistant to hostile enchantments.
                  | (MR+) [potion of mutation]
 37494 | Vaults:2 | Lost mutation: You are partially covered in icy blue
                  | scales. (AC +2) [potion of mutation]
 37494 | Vaults:2 | Gained mutation: You are covered in thick fur. (AC +2)
                  | [potion of mutation]
 37494 | Vaults:2 | Gained mutation: You are surrounded by a mild repulsion
                  | field. (EV +2) [potion of mutation]
 38284 | Vaults:2 | Lost mutation: You are covered in thick fur. (AC +2)
                  | [potion of mutation]
 38284 | Vaults:2 | Lost mutation: You are partially covered in large bone
                  | plates. (SH +4) [potion of mutation]
 38284 | Vaults:2 | Gained mutation: Your spells are a little easier to cast,
                  | but a little less powerful. [potion of mutation]
 38284 | Vaults:2 | Gained mutation: You are covered in thick fur. (AC +2)
                  | [potion of mutation]
 38284 | Vaults:2 | Gained mutation: You have large cloven feet. [potion of
                  | mutation]
 38316 | Vaults:3 | Received a gift from Okawaru
 39006 | Vaults:3 | Lost mutation: Your body sometimes deteriorates upon taking
                  | damage. [potion of mutation]
 39006 | Vaults:3 | Lost mutation: You have large cloven feet. [potion of
                  | mutation]
 39006 | Vaults:3 | Lost mutation: You are frail. (-10% HP) [potion of
                  | mutation]
 39006 | Vaults:3 | Gained mutation: You are clumsy. (Dex -2) [potion of
                  | mutation]
 39006 | Vaults:3 | Gained mutation: You are resistant to hostile enchantments.
                  | (MR+) [potion of mutation]
 39133 | Vaults:3 | Reached XP level 22. HP: 199/228 MP: 13/22
 39449 | Vaults:3 | Found Tugut's Antique Weapon Boutique.
 40056 | Vaults:4 | Received a gift from Okawaru
 40510 | Vaults:4 | Reached skill level 19 in Bows
 40665 | Vaults:4 | Received a gift from Okawaru
 41288 | Depths:1 | Entered Level 1 of the Depths
 41365 | Depths:1 | Received a gift from Okawaru
 41396 | Depths:1 | Found a one-way gate leading to the halls of Pandemonium.
 41429 | Depths:1 | Received a gift from Okawaru
 41733 | Depths:1 | Found Pacymihe's Armour Shop.
 41733 | Depths:1 | Found Leamanuff's Antique Armour Boutique.
 41734 | Depths:1 | Found Neoruly's Jewellery Boutique.
 41737 | Depths:1 | Found Tumygis's Distillery.
 41797 | Depths:1 | Bought a potion of heal wounds for 75 gold pieces
 41797 | Depths:1 | Bought a potion of resistance for 150 gold pieces
 41797 | Depths:1 | Bought a potion of heal wounds for 75 gold pieces
 41797 | Depths:1 | Bought a potion of heal wounds for 75 gold pieces
 41797 | Depths:1 | Bought a potion of haste for 150 gold pieces
 41868 | Depths:1 | Found a gateway to a ziggurat.
 42199 | Depths:1 | Found a gateway to Hell.
 42674 | D:10     | You paid a toll of 3 potions of resistance to enter a
                  | treasure trove
 42675 | Trove    | Entered a treasure trove
 42695 | Trove    | Identified Sif Muna's Catalogue of Frigorific Transmutation
 42728 | Trove    | Got a brightly glowing platinum amulet
 42734 | Trove    | Got a slimy platinum ring
 42783 | D:10     | Identified the ring of Xuseoc {Int+4 Stlth+} (You found it
                  | in a treasure trove)
 42791 | D:10     | Identified the amulet "Jisk" {Spirit rPois Dex+4} (You
                  | found it in a treasure trove)
 42801 | D:10     | Got a spiked cloak
 42812 | D:10     | Identified the +1 cloak "Culuep" {*Contam Int+4 Stlth+}
                  | (You acquired it on level 10 of the Dungeon)
 43109 | Depths:2 | Received a gift from Okawaru
 43255 | Depths:2 | Reached XP level 23. HP: 206/240 MP: 14/23
 43305 | Depths:2 | Received a gift from Okawaru
 43346 | Depths:2 | Identified the +0 troll leather armour of the Unbroken {rF+
                  | MR+ Regen+ Int+2} (Okawaru gifted it to you on level 2 of
                  | the Depths)
 43511 | Depths:2 | Found a snail-covered altar of Cheibriados.
 44032 | Depths:2 | Found a hide-covered altar of Uskayaw.
 44070 | Depths:1 | Demolished by a spriggan berserker

Levels and vault maps discovered:
D:1:      psy_arrival_conway, layout_loops_ring
D:2:      layout_loops_ring, lemuel_doored_altar, uniq_natasha
D:4:      layout_loops_cross, kennysheep_ying_yang,
          nicolae_overflow_crystal_walls, kennysheep_mini_moat,
          lemuel_round_altar, minmay_fountain_box, uniq_sigmund, uniq_eustachio
D:5:      layout_basic, uniq_pikel
D:6:      layout_loops_ring, nicolae_overflow_hidden_temple,
          lemuel_crystal_altar, minmay_temple_entry_glassed_door
D:7:      lemuel_upstairs_altar, layout_basic, fedhas_altar_3, uniq_harold
D:8:      layout_basic, uniq_psyche, uniq_prince_ribbit1, uniq_erica
D:9:      layout_stronghold, dpeg_oklobed_lair, enter_bailey_2
D:10:     layout_loops_ring, nicolae_trove_entry_path_of_doom, grunt_tengu_nest
D:11:     minmay_smoke_and_mirrors, layout_irregular_city, david_orc_2,
          uniq_josephine
D:12:     layout_loops_corners, serial_shops, nicolae_shop_stone
D:13:     layout_cave_pools, grunt_vaults_entry_fortified, serial_shops, shop,
          hex_medium, lemuel_flamethrower_3
D:14:     layout_grid_maze, palyth_stone_intersect
D:15:     grunt_enter_depths_hoard, layout_grid_maze, serial_shops, shop,
          minmay_misc_feat_secret_circle, uniq_azrael
Temple:   dshaligram_water_room_temple
Lair:1:   layout_long_grid
Lair:2:   layout_chaotic_city
Lair:3:   layout_misc_corridors
Lair:4:   layout_regular_city, minmay_swamp_entry_swarm,
          guppyfry_snake_entry_island, portal_ice_cave_entry_animals_and_master,
          kennysheep_basilisk_garden
Lair:5:   layout_roguey [special_room_mythical_zoo], slime_dummy, minivault_27
Lair:6:   gammafunk_lair_ancient_temple, layout_gridlike, lemuel_fruit_fields
Swamp:1:  layout_basic_swamp, evilmike_swamp_ruin_rubble_2,
          infiniplex_staircase_pool_2
Swamp:2:  layout_basic_swamp, hangedman_swamp_ruin_wall, uniq_jorgrun
Swamp:3:  layout_basic_swamp, nicolae_swamp_dense_foliage,
          infiniplex_staircase_pool
Swamp:4:  swamp_alternative, layout_basic_swamp
Snake:1:  layout_onion, basic_altar, grunt_ministairs_6
Snake:2:  layout_onion, st_stairs_8, library_closet, minmay_shop_grove,
          uniq_vashnia, uniq_aizul
Snake:3:  layout_misc_corridors, minmay_shop_star, grunt_megastairs_4,
          uniq_nikola, uniq_asterion, uniq_donald
Snake:4:  snake_pit, layout_chambers, drop_trap, grunt_ministairs_6,
          grunt_megastairs_2
Slime:1:  layout_caves, nicolae_slime_phagocytosis
Slime:2:  layout_caves, basic_altar
Orc:1:    layout_caves, basic_altar
Orc:2:    st_orc_congregation, layout_caves
Elf:1:    eino_elf_arrival_the_gate, layout_loops_corners, serial_shops,
          nicolae_shop_window_shopping, minmay_elf_annihilation, nrook_uturn,
          uniq_frances
Vaults:1: v_alt_pattern_1, v_alt_pattern_2, hangedman_vaults_hard_town_square,
          vaults_room_fancy_cross, nicolae_vaults_network_periphery,
          vaults_dpeg_encased_lava, nicolae_vaults_little_squares_3,
          nicolae_vaults_little_squares_1, vaults_mumra_chevron_long,
          serial_ice_b, grunt_vaults_twisty, vaults_room_semicircle,
          layout_vaults_omnibox, portal_desolation_entry_nicolae_slug
Vaults:2: st_spiral_rooms, grunt_vaults_bifocal, minmay_crypt_entry_necro_gods,
          v_pattern_4, v_misc_1, v_misc_15, grunt_vaults_trifunnel, v_misc_29,
          nicolae_vaults_specimen_jars, nicolae_vaults_sealed_display,
          vaults_mumra_chevron, ontoclasm_vaults_loading_screen,
          vaults_room_pools, layout_vaults_omnicross, serial_shops, shop_statue
Vaults:3: hangedman_vaults_restitches, v_alt_pattern_3, v_rooms_2, v_misc_13,
          v_rooms_5, nicolae_vaults_alarming, v_misc_9, vaults_room_fancy_cross,
          v_misc_28, grunt_vaults_hallway_short,
          nicolae_vaults_little_squares_4, nicolae_vaults_ring_of_whatevers,
          vaults_room_pools, layout_vaults_ring, serial_shops,
          nicolae_shop_behind_doors
Vaults:4: nicolae_vaults_little_squares_3, vaults_room_octagon, v_misc_18,
          nicolae_vaults_little_squares_1, vaults_dpeg_cross,
          vaults_room_ringed_pool, hangedman_vaults_river_flow,
          nicolae_vaults_yaktaur_gun_rack, ontoclasm_vaults_eye,
          nicolae_vaults_little_squares_2, hangedman_vaults_trim,
          layout_vaults_big_room
Depths:1: layout_basic, enter_ziggurat_c, grunt_decor_one_mirror, pan_entry,
          pf_hell_entry_great_geh, drop_trap, minmay_misc_feat_tiny,
          kennysheep_generic_room_16, minmay_shoptagon, firewood_loft
Depths:2: grunt_profane_halls [grunt_profane_temple_tar,
          grunt_profane_temple_coc, grunt_profane_temple_dis,
          grunt_profane_temple_geh, grunt_profane_loot], hell_entry

Skill      XL: |  1  2  3  4  5  6  7  8  9 10 11 12 13 14 15 16 17 18 19 20 21 22 |
---------------+-------------------------------------------------------------------+-----
Fighting       | 1 2 3 4 5 6 7 8 9 10 12 13 14 15 16 | 16.5
Dodging        | 2 3 4 5 6 8 9 10 12 13 14 15 16 | 16.5
Unarmed Combat | 4 5 6 8 9 |  9.5
Transmutations | 2 3 4 5 |  5.0
Bows           | 1 4 6 9 10 11 13 14 15 16 17 18 19 | 19.5
Spellcasting   | |  1.2

Action                   |  1- 3 |  4- 6 |  7- 9 | 10-12 | 13-15 | 16-18 | 19-21 | 22-24 || total
-------------------------+-------+-------+-------+-------+-------+-------+-------+-------++-------
Melee: Unarmed           |    91 |    88 |   289 |       |     5 |       |       |       ||   473
       Punch             |     4 |     2 |     4 |       |     1 |       |       |       ||    11
       Kick              |       |       |    18 |       |       |       |       |       ||    18
       Headbutt          |       |       |    10 |       |       |       |       |       ||    10
 Fire: Longbow           |       |       |     6 |   571 |   918 |  1260 |  2215 |   866 ||  5836
Throw: Boomerang         |       |       |       |    12 |       |       |       |       ||    12
       Throwing net      |       |       |       |     1 |       |       |       |       ||     1
 Cast: Beastly Appendage |       |       |    11 |       |       |       |       |       ||    11
       Sticks to Snakes  |       |       |     2 |       |       |       |       |       ||     2
Invok: Reject Sacrifices |       |       |     1 |       |       |       |       |       ||     1
Evoke: Wand              |       |       |       |       |       |       |     1 |       ||     1
  Use: Potion            |       |     2 |     2 |     1 |     2 |     4 |    13 |     4 ||    28
       Scroll            |       |       |     7 |     9 |    15 |     9 |    12 |     5 ||    57
 Stab: Sleeping          |     1 |     1 |     1 |       |       |       |       |       ||     3
       Distracted        |       |       |     1 |       |       |       |       |       ||     1
  Eat: Chunk             |    11 |    10 |    22 |    29 |    66 |    84 |    82 |    39 ||   343
       Ration            |       |       |       |     3 |     2 |     3 |     5 |       ||    13
Armor: Robe              |    45 |    22 |    45 |    30 |    32 |    78 |    74 |    22 ||   348
Dodge: Dodged            |    46 |    37 |    89 |    79 |    80 |   227 |   309 |   113 ||   980
Block: Other             |       |     1 |   126 |    99 |   113 |   207 |   231 |    46 ||   823
       Reflection        |       |       |     3 |    24 |    30 |    26 |    47 |    15 ||   145

Table legend:
 A = Non-vault XP
 B = Vault XP
 C = Vault XP percentage of total XP
 D = Non-vault monster count
 E = Vault monster count
 F = Vault count percentage of total count
                 A         B        C        D         E       F
            +---------+---------+-------+---------+---------+-------
      Total |  437776 |  307305 |  41.2 |    1149 |     587 |  33.8
            +---------+---------+-------+---------+---------+-------
        D:1 |      36 |       0 |   0.0 |      20 |       0 |   0.0
        D:2 |      94 |      35 |  27.1 |      21 |       1 |   4.5
        D:4 |     165 |     393 |  70.4 |      11 |       2 |  15.4
        D:5 |     454 |       0 |   0.0 |      20 |       0 |   0.0
        D:6 |     922 |       0 |   0.0 |      21 |       0 |   0.0
        D:7 |     592 |     942 |  61.4 |      19 |       1 |   5.0
        D:8 |    3450 |    1642 |  32.2 |      38 |       3 |   7.3
        D:9 |    2254 |       0 |   0.0 |      16 |       0 |   0.0
       D:10 |    5603 |    1017 |  15.4 |      43 |       3 |   6.5
       D:11 |    5401 |    5768 |  51.6 |      27 |      17 |  38.6
       D:12 |    6809 |    3235 |  32.2 |      33 |       4 |  10.8
       D:13 |    9176 |    4330 |  32.1 |      37 |       6 |  14.0
       D:14 |    8041 |       0 |   0.0 |      27 |       0 |   0.0
       D:15 |    6330 |    4478 |  41.4 |      25 |      10 |  28.6
     Lair:1 |    3216 |       0 |   0.0 |      15 |       0 |   0.0
     Lair:2 |    2444 |       0 |   0.0 |      12 |       0 |   0.0
     Lair:3 |    5625 |       0 |   0.0 |      23 |       0 |   0.0
     Lair:4 |     212 |    4528 |  95.5 |       2 |      20 |  90.9
     Lair:5 |    8234 |    6563 |  44.4 |      30 |      26 |  46.4
     Lair:6 |    2670 |   10337 |  79.5 |      12 |      27 |  69.2
    Swamp:1 |   17731 |       0 |   0.0 |      34 |       0 |   0.0
    Swamp:2 |   14070 |    3096 |  18.0 |      36 |       1 |   2.7
    Swamp:3 |   17684 |       0 |   0.0 |      43 |       0 |   0.0
    Swamp:4 |   12440 |   20998 |  62.8 |      35 |      30 |  46.2
    Snake:1 |   12851 |    2972 |  18.8 |      24 |       5 |  17.2
    Snake:2 |   18143 |   10355 |  36.3 |      32 |       7 |  17.9
    Snake:3 |   14032 |   11493 |  45.0 |      31 |       7 |  18.4
    Snake:4 |   10630 |   37247 |  77.8 |      22 |      55 |  71.4
    Slime:1 |   16638 |    1021 |   5.8 |      19 |       4 |  17.4
      Orc:1 |    1655 |       0 |   0.0 |      18 |       0 |   0.0
      Orc:2 |    2947 |   12088 |  80.4 |      31 |      68 |  68.7
      Elf:1 |   22690 |    9466 |  29.4 |      33 |      12 |  26.7
   Vaults:1 |   35659 |   16738 |  31.9 |      73 |      26 |  26.3
   Vaults:2 |   33376 |   16171 |  32.6 |      59 |      21 |  26.2
   Vaults:3 |   36494 |   22704 |  38.4 |      57 |      37 |  39.4
   Vaults:4 |   37825 |   18205 |  32.5 |      61 |      22 |  26.5
   Depths:1 |   45283 |    1718 |   3.7 |      54 |       2 |   3.6
   Depths:2 |       0 |   30723 | 100.0 |       0 |      41 | 100.0
    Abyss:2 |   15900 |       0 |   0.0 |      35 |       0 |   0.0
     Bailey |       0 |    1895 | 100.0 |       0 |      26 | 100.0
      IceCv |       0 |    5451 | 100.0 |       0 |      20 | 100.0
 Desolation |       0 |   41696 | 100.0 |       0 |      83 | 100.0
            +---------+---------+-------+---------+---------+-------
